 Dungeon Crawl Stone Soup version 0.15-a0-1403-g2cecdf4 (webtiles) character file.

108 PolkaDot the Ruinous (level 4, 0/30 HPs)
             Began as a Vampire Conjurer on June 10, 2014.
             Slain by an orc skeleton (2 damage)
             ... on Level 4 of the Dungeon.
             The game lasted 00:08:04 (2201 turns).

PolkaDot the Ruinous (Vampire Conjurer)             Turns: 2201, Time: 00:08:04

HP   0/30        AC  4     Str  7      XL: 4   Next: 58%
MP   1/7         EV 12     Int 18      God:
Gold 189         SH  0     Dex 14      Spells:  3 memorised,  1 level left

rFire  . . .     SeeInvis +     b - +2,+0 short sword (freeze)
rCold  . . .     Clarity  .     j - +0 robe
rNeg   . . .     rCorr    .     (no shield)
rPois  .         rRot     .     (no helmet)
rElec  .         Spirit   .     (no cloak)
SustAb .         Warding  .     (no gloves)
rMut   .         Stasis   .     (no boots)
Gourm  .                        (no amulet)
MR     .....                    (no ring)
                                l - +2 ring of protection

@: lethally poisoned, very slightly contaminated, regenerating quickly, not
resistant to hostile enchantments, unstealthy
A: fangs 3, see invisible, unbreathing
a: no special abilities


You were on level 4 of the Dungeon.
You were very full.

You visited 1 branch of the dungeon, and saw 4 of its levels.

You collected 189 gold pieces.

Inventory:

Hand weapons
 a - a +1,+1 short sword of flaming
 b - a +2,+0 short sword of freezing (weapon)
Armour
 j - a +0 robe (worn)
Magical devices
 r - a wand of draining (4) {unknown}
Scrolls
 d - a scroll of enchant armour {unknown}
 e - a scroll of enchant weapon I {unknown}
 f - 4 scrolls of identify {unknown}
 i - a scroll of remove curse {unknown}
 k - a scroll of magic mapping {unknown}
 o - a scroll of immolation {unknown}
 p - a scroll of recharging {unknown}
 q - a scroll of noise {unknown}
Jewellery
 l - a +2 ring of protection (left hand)
Potions
 g - a potion of restore abilities {unknown}
 h - a potion of paralysis {unknown}
 m - a potion of resistance {unknown}
 n - a potion of curing {unknown}
Books
 c - a book of Conjurations

   Spells                             Type                      Level
   *Magic Dart                        Conjuration                  1
   *Searing Ray                       Conjuration                  2
   *Dazzling Spray                    Conjuration/Hexes            3
   Fulminant Prism                    Conjuration/Hexes            4
   Iskenderun's Mystic Blast          Conjuration                  4
   Iskenderun's Battlesphere          Conjuration/Charms           5


   Skills:
 + Level 2.3 Short Blades
 - Level 2.1 Dodging
 - Level 3.0 Stealth
 - Level 2.0 Spellcasting
 * Level 4.1 Conjurations


You had one spell level left.
You knew the following spells:

 Your Spells              Type           Power        Failure   Level  Hunger
a - Magic Dart            Conj           ###.         3%          1    #......
d - Dazzling Spray        Conj/Hex       #.......     24%         3    ####...
s - Searing Ray           Conj           ###...       6%          2    ##.....


Dungeon Overview and Level Annotations

Branches:
Dungeon (4/15)
 Temple: D:4-7

Altars:


Innate Abilities, Weirdness & Mutations

Your natural rate of healing is unusually fast.
You have razor-sharp teeth.*
You have supernaturally acute eyesight.
You can survive without breathing.*


Message History

Casting: Dazzling Spray
Confirm with . or Enter, or press ? or * to list all spells.
Aiming: Searing Ray
Press: ? - help, Shift-Dir - straight line, f - hobgoblin
Aim: a hobgoblin (moderately wounded)
Okay, then.
Casting: Searing Ray
Confirm with . or Enter, or press ? or * to list all spells.
Aiming: Dazzling Spray
Press: ? - help, Shift-Dir - straight line, f - hobgoblin
Aim: a hobgoblin (moderately wounded)
You miscast Dazzling Spray.
You are very lightly contaminated with residual magic.
You feel a strange surge of energy!
* * * LOW MAGIC WARNING * * *
You feel sick. The bat barely misses you. The hobgoblin barely misses you.
The worker ant bites you.
* * * LOW HITPOINT WARNING * * *
The orc skeleton hits you.
You die...

. #. .. .###.
... ...... ..#
..<..####..#
#.#.#.#.#.#
.........
..#.#.#.#Z#.#.#
.......%.g@...#
..#.#.#.#a#b#.#
...........$.#
#.#.#.#.#.#!...
...........###
#.#.#.#.#.#.#
...........# #
#.#.#.# # #####


You could see a worker ant, a hobgoblin, a bat and an orc skeleton.

Vanquished Creatures
  4 adders
  A worm (D:2)
  2 giant geckos
  An ooze (D:2)
  An orc (D:3)
  A ball python (D:2)
  13 hobgoblins
  5 jackals
  5 bats
  3 giant cockroaches
  2 giant newts
  10 goblins
  5 kobolds
  6 rats
59 creatures vanquished.

Notes
Turn   | Place    | Note
--------------------------------------------------------------
     0 | D:1      | PolkaDot, the Vampire Conjurer, began the quest for the Orb.
     0 | D:1      | Reached XP level 1. HP: 13/13 MP: 3/3
   370 | D:1      | Reached XP level 2. HP: 19/19 MP: 4/4
   480 | D:1      | Learned a level 2 spell: Searing Ray
   796 | D:1      | Reached skill level 1 in Short Blades
   996 | D:2      | Reached XP level 3. HP: 22/24 MP: 6/6
  1156 | D:2      | Reached XP level 4. HP: 21/30 MP: 0/7
  1510 | D:3      | Reached skill level 4 in Conjurations
  1736 | D:3      | Learned a level 3 spell: Dazzling Spray
  2201 | D:4      | Slain by an orc skeleton

Action                   |  1- 3 |  4- 6 || total
-------------------------+-------+-------++-------
Melee: Dagger            |    36 |       ||    36
       Short sword       |    23 |    72 ||    95
 Cast: Magic Dart        |    24 |     1 ||    25
       Searing Ray       |     5 |     1 ||     6
       Dazzling Spray    |       |     1 ||     1
  Use: Potion            |     1 |       ||     1
 Stab: Sleeping          |     4 |     1 ||     5
